 Dungeon Crawl Stone Soup version 0.30.1-3-gfc49f6343a (webtiles) character file.

Game seed: 7206224397888299210

0 Destapler the Grave Robber (level 1, -1/14 HPs)
             Began as a Ghoul Necromancer on July 29, 2023.
             Slain by a hobgoblin (4 damage)
             ... on level 1 of the Dungeon.
             The game lasted 00:01:06 (57 turns).

Destapler the Grave Robber (Ghoul Necromancer)        Turns: 57, Time: 00:01:07

Health: -1/14      AC:  2    Str: 11    XL:     1   Next: 10%
Magic:  0/2        EV: 12    Int: 10    God:
Gold:   18         SH:  0    Dex:  9    Spells: 2/3 levels left

rFire   . . .        (no weapon)
rCold   + . .        (no shield)
rNeg    + + +        a - +0 robe
rPois   ∞            (no helmet)
rElec   .            (no cloak)
rCorr   .            (no gloves)
SInv    .            (no boots)
Will    .....        (no amulet)
Stlth   ++           (no ring)
HPRegen 0.00/turn    (no ring)
MPRegen 0.08/turn

%: no passive effects
@: inhibited regen
A: claws 1, cold resistance 1, negative energy resistance 3, inhibited
regeneration, torment resistance 2, devour on kill
a: no special abilities


You were on level 1 of the Dungeon.
You visited 1 branch of the dungeon, and saw 1 of its levels.

You collected 18 gold pieces.

Inventory:

Armour
 a - a +0 robe (worn)
Potions
 b - a potion of magic


   Skills:
 + Level 1.7 Dodging
 + Level 2.2 Stealth
 + Level 1.7 Spellcasting
 + Level 4.0 Necromancy


You had 2 spell levels left.
You knew the following spells:

 Your Spells              Type           Power      Damage    Failure   Level
a - Necrotise             Necr           32%        1d5       6%          1

Your spell library contained the following spells:

 Spells                   Type           Power      Damage    Failure   Level
 Vampiric Draining        Necr           8%         2d6       19%         3
 Animate Dead             Necr           8%         N/A       52%         4
 Agony                    Necr           8%         N/A       86%         5


Dungeon Overview and Level Annotations

Branches:
Dungeon (1/15)

Altars:


Innate Abilities, Weirdness & Mutations

You are immune to poison.
You have sharp fingernails.
Your flesh is cold resistant. (rC+)
You are immune to negative energy. (rN+++)
You do not regenerate when monsters are visible.
You are immune to unholy pain and torment.
You thrive by killing the living.


Message History

The hobgoblin is heavily wounded.
The bat closely misses you. The hobgoblin barely misses you.
You miscast Necrotise.
You are very lightly contaminated with residual magic.
Nothing appears to happen.
The bat hits your rat skeleton. x2
The hobgoblin hits you.
You are out of magic!
You barely miss the hobgoblin.
The hobgoblin is heavily wounded.
The hobgoblin misses you.
You closely miss the hobgoblin.
The hobgoblin is heavily wounded.
The bat hits you but does no damage.
Your rat skeleton bites the bat.
The hobgoblin hits you but does no damage.
You scratch the hobgoblin.
The hobgoblin is almost dead.
Your rat skeleton barely misses the bat.
The bat hits you. The hobgoblin barely misses you.
You closely miss the hobgoblin.
The hobgoblin is almost dead.
The bat hits you but does no damage. The bat hits your rat skeleton.
Your rat skeleton bites the bat but does no damage.
The hobgoblin hits you.
You closely miss the hobgoblin.
The hobgoblin is almost dead.
Your rat skeleton completely misses the bat.
The hobgoblin hits you.
* * * LOW HITPOINT WARNING * * *
You closely miss the bat.
The bat is severely wounded.
The bat hits you.
* * * LOW HITPOINT WARNING * * *
The bat hits your rat skeleton. x2; The hobgoblin barely misses you.
Your magical contamination has completely faded away.
You barely miss the bat. Your claw misses the bat.
The bat is severely wounded.
The bat hits you but does no damage. The bat hits your rat skeleton.
Your rat skeleton is destroyed!
The hobgoblin hits you.
You die...

##.........##
#..♣..<..♣..#
#.........## #####
#####'#####
##...######...#####
#..................
#..⌠........⌠......
#.gb...............
#@..######...#####
##'## ##>## #..###
### ## ##...####
####.
###....#####....
####...#...###
###...### ##.##
#..#


You could see a hobgoblin and a bat.

Vanquished Creatures
  A rat (D:1)
1 creature vanquished.

Notes
Turn   | Place    | Note
-------+----------+-------------------------------------------
     0 | D:1      | Destapler the Ghoul Necromancer began the quest for the
                  | Orb.
     0 | D:1      | Reached XP level 1. HP: 14/14 MP: 2/2
    57 | D:1      | Slain by a hobgoblin

Illustrated notes

Levels and vault maps discovered:
D:1:      minmay_arrival_split_and_join, layout_loops_ring, nrook_mini_vaults,
          st_stairs_12, minmay_misc_feat_encased

Action                     || total
---------------------------++-------
  Melee: Unarmed           ||     8
   Cast: Necrotise         ||     2
 Armour: Robe              ||     6
  Dodge: Dodged            ||     5
